 Dungeon Crawl Stone Soup version 0.27.1-34-g3ba077fa99 (webtiles) character file.

Game seed: 10743775549683020625

13 Zappman123 the Shield-Bearer (level 2, -1/22 (24) HPs)
             Began as a Formicid Fighter on Jan 9, 2022.
             Slain by an ogre (19 damage)
             ... on level 2 of the Dungeon.
             The game lasted 00:09:03 (408 turns).

Zappman123 the Shield-Bearer (Formicid Fighter)      Turns: 408, Time: 00:09:04

HP:   -1/22 (24)    AC:  6    Str: 20    XL:     2   Next: 50%
MP:   2/2           EV:  8    Int:  7    God:
Gold: 31            SH:  9    Dex: 10    Spells: 1/1 levels left

rFire    . . .     SeeInvis +   a - +0 war axe
rCold    . . .     Faith    .   c - +0 kite shield
rNeg     . . .     Spirit   .   e - +0 scale mail
rPois    .         Reflect  .   (helmet unavailable)
rElec    .         Harm     .   (no cloak)
rCorr    .         Rampage  .   (no gloves)
Will     .....                  (no boots)
Stlth    ..........             (no amulet)
HPRegen  0.07/turn              (no ring)
MPRegen  0.08/turn              (no ring)

@: drained
A: permanent stasis, dig shafts and tunnels, antennae 3, four strong arms
a: Dig, Shaft Self


You were on level 2 of the Dungeon.
You visited 1 branch of the dungeon, and saw 2 of its levels.

You collected 31 gold pieces.

Inventory:

Hand Weapons
 a - a +0 war axe (weapon)
 b - a +0 hunting sling
 h - a +0 dagger of draining
Missiles
 f - 23 stones (quivered)
Armour
 c - a +0 kite shield (worn)
 e - a +0 scale mail (worn)
Scrolls
 g - a scroll of identify {unknown}
 i - a scroll of enchant armour {unknown}
 j - a scroll of amnesia {unknown}
Potions
 d - a potion of might


   Skills:
 - Level 3.2 Fighting
 * Level 2.5 Axes
 - Level 3.2 Armour
 + Level 4.1 Shields


You had one spell level left.
You didn't know any spells.
Your spell library was empty.

Dungeon Overview and Level Annotations

Branches:
Dungeon (2/15)

Altars:


Innate Abilities, Weirdness & Mutations

You cannot be hasted, slowed, berserked, paralysed or teleported.
You can dig through walls and to a lower floor.
You have a pair of large antennae on your head. (SInv)
Your four strong arms can wield two-handed weapons with a shield.


Message History

The endoplasm freezes you.
You are frozen.
You take 3 damage, and have 15/21 hp.
You hit the endoplasm but do no damage. You block the endoplasm's attack.
The endoplasm freezes you.
You are frozen.
You slash the endoplasm!
You kill the endoplasm!
You start resting.
HP restored.
f - 24 stones (gained 2)
Things that are here:
a +0 club; a kobold corpse
Found a stone staircase leading down.
Found 6 gold pieces.
You now have 25 gold pieces (gained 11).
You now have 31 gold pieces (gained 6).
There is a stone staircase leading down here.
You climb downwards.
The ball python hisses angrily.
The frilled lizard hisses angrily.
You hear a shout!
Found a scroll labelled JUPIEP QAYLI.
There is a stone staircase leading up here.
Throw: 24 stones
Press: ? - help, Q - select action, (/) - cycle Shift-Dir - straight line, f - ball python
Aim: a ball python (52% to hit)
You throw a stone.
The stone closely misses the ball python.
You closely miss the ball python. You block the ball python's attack.
The ball python grabs you. The ball python constricts you.
An ogre comes into view. It is wielding a +0 giant club.
You block the ball python's attack. The ball python constricts you.
You hit the ball python.
You kill the ball python!
The endoplasm freezes you.
You are frozen.
The ogre hits you with a +0 giant club!!
Ouch! That really hurt!
You die...

#.....#
#.....#
#.....#
#.....#
#...K.#
#.....# #
#.....#(#####
#..@O....?#
#..Jl.....#
#.........#
#.........#
#.........#
#####.#####
.. ...


You could see an ogre, an endoplasm, a kobold and a frilled lizard.

Vanquished Creatures
  A bat (D:1)
  2 endoplasms (D:1)
  A hobgoblin (D:1)
  A quokka (D:1)
  4 ball pythons
  A frilled lizard (D:1)
  2 kobolds (D:1)
  A rat (D:1)
13 creatures vanquished.

Notes
Turn   | Place    | Note
-------+----------+-------------------------------------------
     0 | D:1      | Zappman123 the Formicid Fighter began the quest for the
                  | Orb.
     0 | D:1      | Reached XP level 1. HP: 18/18 MP: 1/1
   107 | D:1      | Reached skill level 4 in Shields
   107 | D:1      | Reached XP level 2. HP: 19/20 MP: 2/2
   186 | D:1      | Found a faded altar of an unknown god.
   407 | D:2      | Noticed an ogre
   408 | D:2      | Slain by an ogre

Illustrated notes

Levels and vault maps discovered:
D:1:      lightli_arrival_flooded_house, layout_rooms,
          ebering_ecumenical_altar_rust
D:2:      layout_basic, lemuel_old_faithful

Skill      XL: |  1 |
---------------+----+-----
Shields        | 4 |  4.1
Fighting       | |  3.2
Axes           | |  2.5
Armour         | |  3.2

Action                   || total
-------------------------++-------
Melee: War axe           ||    26
 Fire: Hunting sling     ||    10
Throw: Stone             ||     2
Armor: Scale mail        ||     9
Dodge: Dodged            ||     5
Block: Kite shield       ||    12
